 Dungeon Crawl Stone Soup version 0.29-a0-334-gb41bcbb86e (webtiles) character file.

Game seed: 15288448633776066911

3836 Jortsu the Basher (level 9, -20/88 HPs)
             Began as a Troll Fighter on Apr 14, 2022.
             Was an Elder of Wu Jian.
             Demolished by a freezing wraith (34 damage)
             ... led by a death knight
             ... on level 12 of the Dungeon.
             The game lasted 00:11:59 (6964 turns).

Jortsu the Basher (Troll Fighter)                   Turns: 6964, Time: 00:11:59

Health: -20/88     AC:  5    Str: 30    XL:     9   Next: 98%
Magic:  8/8        EV: 12    Int:  4    God:    Wu Jian [****..]
Gold:   1215       SH:  0    Dex: 15    Spells: 8/8 levels left

rFire   + . .      SeeInvis +   q - +1 giant spiked club
rCold   x . .      Faith    .   (shield currently unavailable)
rNeg    . . .      Spirit   .   a - +0 robe
rPois   .          Reflect  .   (helmet restricted)
rElec   .          Harm     .   u - +0 cloak
rCorr   .          Rampage  .   (gloves unavailable)
Will    +++..                   (boots unavailable)
Stlth   +.........              f - amulet of regeneration
HPRegen 1.84/turn               B - ring "Esopesk" {Fire Will+++ Str+2 Dex+4 Stlth-}
MPRegen 0.11/turn               r - ring of see invisible

@: slowed, very slow
A: large, unfitting armour, claws 3, regeneration 1, shaggy fur 1, tough skin 1
a: Renounce Religion, Wall Jump, Serpent's Lash


You were on level 12 of the Dungeon.
You worshipped Wu Jian.
Wu Jian was greatly pleased with you.
You visited 1 branch of the dungeon, and saw 10 of its levels.

You collected 1215 gold pieces.

Inventory:

Hand Weapons
 q - a +1 giant spiked club (weapon)
Armour
 a - a +0 robe (worn)
 b - a +0 kite shield
 u - a +0 cloak (worn)
Jewellery
 e - a +4 ring of evasion
 f - an amulet of regeneration (around neck)
 p - a +4 ring of evasion
 r - a ring of see invisible (right claw)
 t - a ring of resist corrosion
 y - a ring of ice
 B - the ring "Esopesk" (left claw) {Fire Will+++ Str+2 Dex+4 Stlth-}
   (You found it on level 8 of the Dungeon)

   [ring of fire]

   It enhances your fire magic.
   Str:       It affects your strength (+2).
   Dex:       It affects your dexterity (+4).
   rF:        It protects you from fire.
   rC:        It makes you vulnerable to cold.
   Will:      It greatly increases your willpower.
   Stlth:     It makes you less stealthy.
Wands
 l - a wand of polymorph (11)
 o - a wand of paralysis (17)
 s - a wand of digging (4)
 v - a wand of acid (2)
Scrolls
 d - a scroll of silence
 j - a scroll of immolation
 w - a scroll of teleportation
Potions
 c - 3 potions of might
 g - 3 potions of brilliance
 h - 4 potions of attraction
 i - 2 potions of flight
 k - 5 potions of curing
 m - a potion of haste
 n - a potion of lignification
 x - 2 potions of heal wounds
 z - a potion of mutation {unknown}
 A - a potion of invisibility {unknown}
 C - 2 potions of berserk rage {unknown}


   Skills:
 + Level 5.1 Fighting
 + Level 8.1 Maces & Flails
 + Level 6.0 Dodging
 + Level 1.2 Stealth
 + Level 3.7 Shields
 + Level 6.1 Unarmed Combat


You had 8 spell levels left.
You didn't know any spells.
Your spell library contained the following spells:

 Spells                   Type           Power      Damage    Failure   Level
 Conjure Flame            Conj/Fire      0%         6-21      86%         3
 Ignite Poison            Fire/Tmut/Pois 0%         N/A       86%         3
 Sticky Flame             Conj/Fire      0%         2d3       99%         4


Dungeon Overview and Level Annotations

Branches:
Dungeon (9/15)             Temple (0/1) D:7
   Lair: D:8-11         Orc: D:9-12

Altars:
Ashenzari
Elyvilon
Hepliaklqana
Okawaru
Ru
Wu Jian


Innate Abilities, Weirdness & Mutations

You are too large for most types of armour.
You have claws for hands.
Your natural rate of healing is unusually fast.
You are covered in fur. (AC +1)
You have tough skin. (AC +1)


Message History

Your body is wracked with pain!
It was a scroll of torment.
You start resting.
HP restored.
Okay, then.
(D) Dungeon (T) Temple
Where to? (Enter - D:8, ? - help)
You see here 15 stones.
You see here a +0 shortbow.
There is a stone staircase leading down here.
You climb downwards.
Found a trident.
There is a stone staircase leading up here.
i - 2 potions of flight (gained 1)
A sourceless malevolence fills the Dungeon...
You fall into a shaft and drop 3 floors!
The shaft crumbles and collapses.
A death knight, a wraith and 3 freezing wraiths come into view.
Found 2 scrolls of identify.
Found a stone staircase leading down.
The death knight offers itself to Yredelemnul, and fills with unholy energy.
The freezing wraith attacks as you move away!
The freezing wraith hits you! The freezing wraith freezes you!!
You feel a terrible chill! The freezing wraith barely misses you.
The freezing wraith attacks as you move away!
The freezing wraith barely misses you. The freezing wraith hits you.
The freezing wraith drains your vigour!
You feel yourself slow down. The freezing wraith hits you!
The freezing wraith freezes you!!
You feel a terrible chill!
* * * LOW HITPOINT WARNING * * *
The freezing wraith closely misses you.
The death knight's dark mirror aura disappears.
A wraith opens the door.
There is a stone staircase leading down here.
The wraith hits you!
* * * LOW HITPOINT WARNING * * *
The wraith drains your vigour!
You feel as though you will be slow longer.
The freezing wraith hits you.
* * * LOW HITPOINT WARNING * * *
The freezing wraith freezes you!!
You feel a terrible chill!
You die...

... #.. .. #.##
#..# #..#
.####..#######
.......@.....#
.....#..WW....#
.. #..W.....W.
... ##.......#.
.... #Wp.....#
.....##.......#
....?...........
..Wp........####
#...W.......#


You could see a death knight, 3 freezing wraiths and 2 wraiths.

Vanquished Creatures
  Grinder (D:4)
  A steam dragon (D:8)
  A yak (D:8)
  Eustachio (D:6)
  Edmund (D:5)
  2 water moccasins
  An orc warrior (D:6)
  An ice beast (D:8)
  2 sky beasts (D:6)
  A black bear (D:6)
  2 ogres
  2 centaurs
  4 phantoms
  2 kobold brigands
  A necrophage (D:6)
  4 scorpions
  3 bullfrogs
  5 wights
  7 hounds
  2 jellies
  5 orc priests
  A gnoll shaman (D:6)
  Ijyb (D:3)
  5 iguanas
  Natasha (twice) (D:3)
  3 orc wizards (D:6)
  10 gnolls
  6 adders
  A shadow imp (D:8)
  A white imp (D:5)
  An ufetubus (D:7)
  2 worms (D:5)
  2 dart slugs
  24 orcs
  4 endoplasms
  3 giant cockroaches
  A goblin (D:4)
  4 hobgoblins
  3 jackals (D:4)
  A quokka (D:4)
  7 ball pythons
  6 bats
  A frilled lizard (D:1)
  16 kobolds
  3 rats
157 creatures vanquished.

Notes
Turn   | Place    | Note
-------+----------+-------------------------------------------
     0 | D:1      | Jortsu the Troll Fighter began the quest for the Orb.
     0 | D:1      | Reached XP level 1. HP: 22/22 MP: 0/0
   204 | D:1      | Reached XP level 2. HP: 29/29 MP: 1/1
   676 | D:2      | Found a faded altar of an unknown god.
   678 | D:2      | Reached XP level 3. HP: 36/36 MP: 2/2
   679 | D:2      | Noticed a golden eye
   679 | D:2      | Noticed a shining eye
   680 | D:2      | Noticed a shining eye
   680 | D:2      | Noticed a great orb of eyes
   687 | D:2      | Prayed at the altar of an unknown god.
   687 | D:2      | Became a worshipper of the Wu Jian Council
   687 | D:2      | Reached * piety under Wu Jian
   782 | D:2      | Found a white marble altar of Elyvilon.
   793 | D:2      | Reached XP level 4. HP: 42/44 MP: 3/3
  1282 | D:3      | Reached XP level 5. HP: 50/52 MP: 4/4
  1331 | D:3      | Noticed Natasha
  1342 | D:3      | Killed Natasha
  1405 | D:3      | Noticed Natasha
  1412 | D:3      | Killed Natasha
  1524 | D:3      | Reached ** piety under Wu Jian
  1751 | D:3      | Noticed a water moccasin
  1760 | D:3      | Killed a water moccasin
  1761 | D:3      | Reached XP level 6. HP: 46/59 MP: 5/5
  1922 | D:3      | Noticed Ijyb
  1930 | D:3      | Killed Ijyb
  2375 | D:4      | Reached skill level 5 in Unarmed Combat
  2429 | D:4      | Noticed Grinder
  2436 | D:4      | Killed Grinder
  2437 | D:4      | Reached XP level 7. HP: 52/67 MP: 6/6
  2939 | D:4      | Identified a scroll of acquirement
  2939 | D:4      | Acquired 832 gold pieces
  3175 | D:5      | Entered Level 5 of the Dungeon
  3181 | D:5      | Reached skill level 1 in Maces & Flails
  3190 | D:5      | Found a broken altar of Ashenzari.
  3270 | D:5      | Reached XP level 8. HP: 70/75 MP: 7/7
  3451 | D:5      | Reached skill level 2 in Maces & Flails
  3583 | D:5      | Noticed Edmund
  3599 | D:5      | Killed Edmund
  3600 | D:5      | Reached skill level 3 in Maces & Flails
  3731 | D:5      | Reached skill level 5 in Dodging
  4277 | D:6      | Reached skill level 4 in Maces & Flails
  4437 | D:6      | Found a sacrificial altar of Ru.
  4438 | D:6      | Found an iron altar of Okawaru.
  4464 | D:6      | Reached skill level 5 in Maces & Flails
  4479 | D:6      | Noticed Eustachio
  4505 | D:6      | Killed Eustachio
  4644 | D:6      | Reached XP level 9. HP: 84/84 MP: 8/8
  4811 | D:6      | Reached *** piety under Wu Jian
  4991 | D:6      | Reached skill level 6 in Maces & Flails
  5466 | D:7      | Reached skill level 1 in Stealth
  5482 | D:7      | Found a hazy altar of Hepliaklqana.
  5743 | D:7      | Found a staircase to the Ecumenical Temple.
  5898 | D:7      | Reached skill level 7 in Maces & Flails
  6046 | D:8      | Reached skill level 5 in Fighting
  6151 | D:8      | Reached **** piety under Wu Jian
  6153 | D:8      | Reached skill level 8 in Maces & Flails
  6307 | D:8      | Identified the ring "Esopesk" {Fire Will+++ Str+2 Dex+4
                  | Stlth-}
  6956 | D:9      | You fall into a shaft and drop 3 floors!
  6956 | D:12     | Noticed a death knight
  6956 | D:12     | Noticed a freezing wraith
  6956 | D:12     | Noticed a freezing wraith
  6956 | D:12     | Noticed a freezing wraith
  6964 | D:12     | Demolished by a freezing wraith

Illustrated notes

Levels and vault maps discovered:
D:1:      dpeg_arrival_windows_large_door, layout_loops_ring,
          grunt_decor_junction
D:2:      layout_loops_ring, hellmonk_ecumenical_altar_watching_god, basic_altar
D:3:      layout_basic, serial_bayou_pond_d, uniq_ijyb, uniq_natasha
D:4:      layout_basic, kennysheep_boxes, uniq_grinder
D:5:      layout_basic, nicolae_ashenzari_panopticon,
          chequers_serial_rivers_large_b, uniq_edmund
D:6:      layout_basic, mainiacjoe_overflow_divided_tiny, uniq_eustachio
D:7:      layout_loops_cross, nicolae_hepliaklqana_hazy_memory,
          minmay_temple_entry_proselytizer
D:8:      layout_basic, minivault_24, corexii_corridor_pit,
          chequers_serial_rivers_small_3, minmay_fractal_squares_gapless_5
D:9:      layout_cross, grunt_lair_entry_orc_guard_hut, erik_orc_3,
          serial_shops, shop, nicolae_shop_hallway_plus, shop
D:12:     layout_basic, grunt_ministairs_4, minivault_16, uniq_jorgrun

Skill      XL: |  1  2  3  4  5  6  7  8  9 |
---------------+----------------------------+-----
Dodging        | 3 4 5 6 |  6.0
Unarmed Combat | 3 4 5 6 |  6.1
Shields        | 3 |  3.7
Fighting       | 3 4 5 |  5.1
Maces & Flails | 1 5 8 |  8.1
Stealth        | 1 |  1.2

Action                   |  1- 3 |  4- 6 |  7- 9 || total
-------------------------+-------+-------+-------++-------
Melee: Unarmed           |    70 |    95 |    26 ||   191
       Giant spiked club |       |       |   584 ||   584
Invok: Lunge             |       |     6 |    18 ||    24
       Whirlwind         |       |     7 |    18 ||    25
  Use: Scroll            |     3 |     4 |    10 ||    17
 Stab: Sleeping          |       |       |     2 ||     2
Armor: Robe              |    37 |    11 |   168 ||   216
       Skin              |       |     1 |       ||     1
Dodge: Dodged            |    54 |    31 |   878 ||   963
Block: Kite shield       |    40 |    24 |     7 ||    71

Table legend: (Time is in decaauts)
 A = Elapsed time spent in this place.
 B = Non-inter-level travel time spent in this place.
 C = Inter-level travel time spent in this place.
 D = Time resting spent in this place.
 E = Time spent auto-exploring this place.
 F = Levels seen in this place.
 G = Mean time per level.
                   A        B        C        D        E       F      G
               +--------+--------+--------+--------+--------+-----+--------+
         Total |   7365 |   7244 |    121 |    431 |   4716 |  10 |  736.5 |
       Dungeon |   7365 |   7244 |    121 |    431 |   4716 |  10 |  736.5 |
               +--------+--------+--------+--------+--------+-----+--------+

Top non-repeatable levels by time:
     D:6: 1179 daAuts
     D:3: 1137 daAuts
     D:8: 1085 daAuts
     D:5: 1033 daAuts
     D:4: 974 daAuts
     D:7: 693 daAuts
     D:1: 673 daAuts
     D:2: 550 daAuts
     D:9: 30 daAuts
    D:12: 9 daAuts
